 Dungeon Crawl Stone Soup version 0.29-a0-550-g81e455f4c2 (webtiles) character file.

Game seed: 9623192154252736132

207 Lekart the Ruffian (level 5, -3/40 HPs)
             Began as a Draconian Transmuter on June 5, 2022.
             Slain by Duvessa
             ... wielding a +0 short sword
              (10 damage)
             ... on level 4 of the Dungeon.
             The game lasted 00:06:26 (3692 turns).

Lekart the Ruffian (Draconian Transmuter)           Turns: 3692, Time: 00:06:27

Health: -3/40      AC:  2    Str: 12    XL:     5   Next: 54%
Magic:  5/9        EV: 20    Int: 16    God:
Gold:   159        SH:  0    Dex: 16    Spells: 5/10 levels left

rFire   . . .      SeeInvis .     - Unarmed
rCold   . . .      Faith    .   (shield currently unavailable)
rNeg    . . .      Spirit   .   (body armour unavailable)
rPois   x          Reflect  .   (helmet currently unavailable)
rElec   .          Harm     .   (cloak currently unavailable)
rCorr   .          Rampage  .   (gloves currently unavailable)
Will    .....                   (boots currently unavailable)
Stlth   +.........              (no amulet)
HPRegen 0.13/turn               g - ring of wizardry
MPRegen 0.11/turn               (no ring)

@: lit by a corona, spider-form, glowing
A: venomous fangs, AC +5, tiny, unfitting armour, (cold-blooded)
a: End Transformation


You were on level 4 of the Dungeon.
You were a venomous arachnid creature.
You visited 1 branch of the dungeon, and saw 4 of its levels.

You collected 159 gold pieces.

Inventory:

Armour
 f - a +0 pair of boots (melded)
Jewellery
 g - a ring of wizardry (left front leg)
Scrolls
 d - 2 scrolls of identify
 e - a scroll of amnesia
 h - a scroll of teleportation {unknown}
 k - a scroll of enchant armour {unknown}
 l - a scroll of blinking
Potions
 a - a potion of lignification
 b - a potion of curing
 c - 3 potions of heal wounds
 i - a potion of brilliance {unknown}
 j - a potion of haste {unknown}


   Skills:
 + Level 1.5 Fighting
 + Level 2.9 Dodging
 - Level 0.4 Stealth
 + Level 3.8 Unarmed Combat
 + Level 3.0 Spellcasting
 + Level 2.9 Transmutations
 + Level 1.8 Poison Magic


You had 5 spell levels left.
You knew the following spells:

 Your Spells              Type           Power      Damage    Failure   Level
a - Beastly Appendage     Tmut           22%        N/A       7%          1
b - Sting                 Tmut/Pois      40%        1d5       8%          1
c - Spider Form           Tmut/Pois      10%        N/A       19%         3

Your spell library contained the following spells:

 Spells                   Type           Power      Damage    Failure   Level
 Wereblood                Tmut           11%        N/A       9%          2
 Foxfire                  Conj/Fire      8%         2x1d4     16%         1
 Poisonous Vapours        Pois/Air       10%        N/A       16%         2
 Conjure Flame            Conj/Fire      2%         6-21      38%         3
 Inner Flame              Hex/Fire       2%         N/A       38%         3
 Olgreb's Toxic Radiance  Pois           8%         N/A       50%         4
 Ice Form                 Ice/Tmut       7%         N/A       54%         4
 Flame Wave               Conj/Fire      2%         2d4       71%         4


Dungeon Overview and Level Annotations

Branches:
Dungeon (4/15)
 Temple: D:4-7

Altars:
Fedhas
Uskayaw

Annotations:
D:3 exclusion: downstairs
D:4 Dowan, Duvessa


Innate Abilities, Weirdness & Mutations

You are a venomous arachnid creature.
You have poisonous fangs.
You are tiny and dextrous.
Your spellcasting is less reliable in this form.
Your armour is entirely melded.
You are incapable of wielding weapons or throwing items.
((Your plain brown scales are hard. (AC +5)))
You cannot fit into any form of body armour.
((You are cold-blooded and may be slowed by cold attacks.))


Message History

You hit Duvessa.
Duvessa is poisoned.
Duvessa is lightly wounded.
Dowan gestures wildly while chanting.
Dowan blinks!
Duvessa hits you with a +0 short sword.
You hit Duvessa but do no damage.
Duvessa looks as sick as possible!
Duvessa is lightly wounded.
Duvessa hits you but does no damage.
You hit Duvessa but do no damage.
Duvessa looks as sick as possible!
Duvessa is lightly wounded.
Your transformation has ended.
Your +0 pair of boots unmelds from your body.
The necrophage closely misses you. Dowan hits you but does no damage.
You closely miss Dowan.
Dowan is heavily wounded.
Duvessa hits you but does no damage. Dowan hits you but does no damage.
The necrophage closely misses you. Dowan closely misses you.
Duvessa attacks as you move away! Duvessa hits you with a +0 short sword!
Duvessa attacks as you move away! Duvessa hits you with a +0 short sword.
Dowan hits you with a +0 dagger.
Dowan says, "My weaknesses are her strengths!"
Duvessa attacks as you move away! Duvessa hits you with a +0 short sword.
Duvessa says, "When magic and the sword combine, nothing stands against them."
Dowan gestures at Duvessa while chanting.
Duvessa seems to speed up.
Casting: Spider Form (dangerous; 9% risk of failure)
Confirm with . or Enter, or press ? or * to list all spells.
You turn into a venomous arachnid creature.
Your +0 pair of boots melds into your body.
Duvessa says, "Practise, practise, practise!
One day you'll be as good as me." Duvessa misses you. x2
You barely miss Duvessa.
Duvessa is severely wounded.
Dowan looks more healthy.
Duvessa misses you.
You hit Duvessa.
Duvessa is almost dead.
Duvessa hits you with a +0 short sword!
* * * LOW HITPOINT WARNING * * *
Duvessa hits you with a +0 short sword!
You die...

###..##.####.##.#.#..###
...>.........).........
#..#.#.##.#.##[#.#.##.#
#......##.#.##.#...... #
#......##....#........ #.
#......#####...........
#!.#......# #...........
#.........###########.####
##.#.#.).enes...# ...
##........#####.# ###
..........# #.#
##........#####.#
#........#...#.#
..........#...#)#####
##.########.........# #.
#...†.....# #.........#


You could see Duvessa (fast, very poisoned), a necrophage and Dowan.

Vanquished Creatures
  An ogre (D:4)
  An orc wizard (D:3)
  2 adders
  An ufetubus (D:3)
  A worm (D:2)
  A dart slug (D:2)
  4 orcs
  3 endoplasms
  3 giant cockroaches
  6 goblins
  11 hobgoblins
  3 jackals (D:2)
  3 quokkas
  5 ball pythons
  6 bats
  2 frilled lizards
  4 kobolds
  9 rats
66 creatures vanquished.

Notes
Turn   | Place    | Note
-------+----------+-------------------------------------------
     0 | D:1      | Lekart the Draconian Transmuter began the quest for the
                  | Orb.
     0 | D:1      | Reached XP level 1. HP: 16/16 MP: 3/3
   328 | D:1      | Reached XP level 2. HP: 23/23 MP: 3/5
   356 | D:1      | Found a faded altar of an unknown god.
  1084 | D:2      | Learned a level 1 spell: Sting
  1111 | D:2      | Reached XP level 3. HP: 28/28 MP: 1/6
  2092 | D:3      | Learned a level 3 spell: Spider Form
  2136 | D:3      | Found a hide-covered altar of Uskayaw.
  2597 | D:3      | Reached XP level 4. HP: 28/35 MP: 7/7
  3239 | D:3      | Found a blossoming altar of Fedhas.
  3330 | D:4      | Reached skill level 1 in Poison Magic
  3409 | D:4      | Noticed Dowan
  3409 | D:4      | Noticed an ogre
  3416 | D:4      | Noticed Duvessa
  3587 | D:4      | Killed an ogre
  3588 | D:4      | Reached XP level 5. HP: 32/40 MP: 0/9
  3692 | D:4      | Slain by Duvessa

Illustrated notes

Levels and vault maps discovered:
D:1:      matt_arrival_spirals, layout_basic, dreamdust_ecumenical_altar_statues
D:2:      layout_loops_cross
D:3:      layout_rooms, fedhas_altar_fruit_tree, nicolae_uskayaw_suspiria,
          kennysheep_crisscross, grunt_ministairs_8
D:4:      layout_basic, dk_noncrumbling_4, uniq_natasha, uniq_duvessa,
          uniq_robin

Skill      XL: |  1  2  3  4 |
---------------+-------------+-----
Dodging        | 2 |  2.9
Poison Magic   | 1 |  1.8
Spellcasting   | 3 |  3.0
Fighting       | |  1.5
Stealth        | |  0.4
Unarmed Combat | |  3.8
Transmutations | |  2.9

Action                   |  1- 3 |  4- 6 || total
-------------------------+-------+-------++-------
Melee: Unarmed           |    77 |    30 ||   107
       Tailslap          |     8 |     1 ||     9
       Kick              |     8 |     1 ||     9
       Headbutt          |     3 |     1 ||     4
       Punch             |     1 |       ||     1
 Cast: Beastly Appendage |    19 |     4 ||    23
       Sting             |    45 |    23 ||    68
       Spider Form       |     1 |     4 ||     5
  Use: Scroll            |     5 |       ||     5
Armor: Skin              |    36 |    13 ||    49
Dodge: Dodged            |    65 |    27 ||    92

Table legend: (Time is in decaauts)
 A = Elapsed time spent in this place.
 B = Non-inter-level travel time spent in this place.
 C = Inter-level travel time spent in this place.
 D = Time resting spent in this place.
 E = Time spent auto-exploring this place.
 F = Levels seen in this place.
 G = Mean time per level.
                   A        B        C        D        E       F      G
               +--------+--------+--------+--------+--------+-----+--------+
         Total |   3684 |   3514 |    170 |    223 |   2786 |   4 |  921.0 |
       Dungeon |   3684 |   3514 |    170 |    223 |   2786 |   4 |  921.0 |
               +--------+--------+--------+--------+--------+-----+--------+

Top non-repeatable levels by time:
     D:3: 1302 daAuts
     D:2: 1096 daAuts
     D:1: 981 daAuts
     D:4: 304 daAuts
